 Dungeon Crawl Stone Soup version 0.29.0-13-gc9e81de378 (webtiles) character file.

Game seed: 577425452086025365

52663 Ofeo the Zephyrmancer (level 15, 0/128 HPs)
             Began as a Meteoran Earth Elementalist on Sept 10, 2022.
             Was a High Priest of Vehumet.
             Slain by a black mamba (3 damage)
             ... on level 1 of the Snake Pit.
             The game lasted 01:16:37 (5612 turns).

Ofeo the Zephyrmancer (Meteoran Earth Elementalist) Turns: 5612, Time: 01:16:38

Health: 0/128      AC: 10    Str: 12    XL:     15   Next: 46%
Magic:  5/29       EV: 25    Int: 21    God:    Vehumet [*****.]
Gold:   88         SH:  0    Dex: 34    Spells: 12/28 levels left

rFire   + . .      SeeInvis +   P - +11 trident of the Thing {drain, rElec rC+ rN+}
rCold   + . .      Faith    .   Q - orb {mayhem}
rNeg    + . .      Spirit   .   k - +1 ring mail of the Pure Priests {Regen+ Str+3}
rPois   .          Reflect  .   G - +2 helmet {SInv}
rElec   +          Harm     .   y - +0 cloak
rCorr   .          Rampage  .   (no gloves)
Will    +....                   (no boots)
Stlth   ++........              (no amulet)
HPRegen 1.11/turn               l - +6 ring of dexterity
MPRegen 0.21/turn               g - +6 ring of dexterity

@: lethally poisoned (0 -> 0), glowing
A: sense surroundings 2, otherworldly, glowing, explore regen, agile 1, fire
resistance 1, high MP 1
a: Renounce Religion


You were on level 1 of the Snake Pit.
You worshipped Vehumet.
Vehumet was extremely pleased with you.
You visited 5 branches of the dungeon, and saw 20 of its levels.
You also visited: Volcano.

You collected 448 gold pieces.
You spent 360 gold pieces at shops.

Inventory:

Hand Weapons
 o - a +0 flail of flaming
 u - a +7 dire flail of draining
 P - the +11 trident of the Thing (weapon) {drain, rElec rC+ rN+}
   (You found it on level 2 of the Lair of Beasts)

   A truly terrible weapon, it drains the life of any living foe it strikes.
   rC:        It protects you from cold.
   rElec:     It insulates you from electricity.
   rN:        It protects you from negative energy.
Missiles
 d - 9 javelins
 m - 5 boomerangs of dispersal
Armour
 a - a +0 robe
 k - the +1 ring mail of the Pure Priests (worn) {Regen+ Str+3}
   (You found it on level 2 of the Dungeon)

   Str:       It affects your strength (+3).
   Regen:     It increases your rate of health regeneration.
 s - a +1 leather armour of positive energy
 y - a +0 cloak (worn)
 F - a +0 troll leather armour
 G - a +2 helmet of see invisible (worn)
 H - a +0 buckler
 Q - an orb of mayhem (worn)
Jewellery
 g - a +6 ring of dexterity (right hand)
 l - a +6 ring of dexterity (left hand)
Wands
 r - a wand of iceblast (1) {@v4}
 t - a wand of flame (17)
Scrolls
 i - a scroll of identify {@r1}
 p - 2 scrolls of fog
 x - 2 scrolls of teleportation {@r3}
 z - a scroll of fear
 A - a scroll of immolation
 C - a scroll of silence
 E - 2 scrolls of amnesia
 K - a scroll of poison
 L - a scroll of summoning
 M - 2 scrolls of enchant weapon
 N - 3 scrolls of enchant armour
 O - a scroll of brand weapon
Potions
 b - 5 potions of magic
 c - 4 potions of attraction
 e - 2 potions of degeneration
 f - a potion of ambrosia
 n - 2 potions of berserk rage
 q - 7 potions of curing {@q1}
 w - 3 potions of lignification
 B - a potion of brilliance
 D - 2 potions of flight
 I - a potion of haste {@q3}
 J - a potion of mutation


   Skills:
 + Level 10.8 Fighting
 + Level 13.8 Dodging
 - Level 4.7 Stealth
 - Level 7.2 Spellcasting
 + Level 13.5 Conjurations
 - Level 3.0 Translocations
 - Level 6.6 Transmutations
 * Level 14.1 Air Magic
 - Level 9.5 Earth Magic


You had 12 spell levels left.
You knew the following spells:

 Your Spells              Type           Power      Damage    Failure   Level
a - Sandblast             Erth           94%        2d19      1%          1
b - Passwall              Tmut/Erth      34%        N/A       1%          2
c - Stone Arrow           Conj/Erth      100%       3d13      1%          3
d - Petrify               Tmut/Erth      41%        N/A       7%          4
e - Apportation           Tloc           40%        N/A       6%          1
f - Lightning Bolt        Conj/Air       30%        1d47      1%          5

Your spell library contained the following spells:

 Spells                   Type           Power      Damage    Failure   Level
 Airstrike                Air            30%        2d(5-21)  1%          4
 Static Discharge         Conj/Air       60%        3-11/arc  1%          2
 Sticky Flame             Conj/Fire      35%        2d5       3%          4
 Necrotise                Necr           28%        1d5       21%         1
 Summon Small Mammal      Summ           28%        N/A       21%         1
 Maxwell's Capacitive Co  Air            30%        ∞         65%         8
 Dispel Undead            Necr           7%         3d8       89%         4


Dungeon Overview and Level Annotations

Branches:
Dungeon (12/15) Zot: 3772  Temple (1/1) D:7 Zot: 566    Lair (5/5) D:11 Zot: 1153
  Swamp (1/4) Lair:2 Zot: 546   Snake (1/4) Lair:2 Zot: 252 Volcano (visited)
  Slime: Lair:4-5       Orc: D:9-12

Altars:
Dithmenos
Elyvilon
Fedhas
Gozag
Hepliaklqana
Kikubaaqudgha
Makhleb
Nemelex Xobeh
Okawaru
Qazlal
Sif Muna
Trog
Uskayaw
Vehumet
Wu Jian
Xom
Yredelemnul
Zin
The Shining One

Shops:
D:1 ?   Snake:1 !?(?

Annotations:
Temple 2 transporters


Innate Abilities, Weirdness & Mutations

You passively map the area around you.
You are easily found by Zot.
You glow in the dark.
You regain HP and MP as you explore.
You are agile. (Dex +4, Str/Int -1)
Your flesh is heat resistant. (rF+)
You have an increased reservoir of magic. (+10% MP)


Message History

Confirm with . or Enter, or press ? or * to list all spells.
Aiming: Stone Arrow (safe; 1% risk of failure)
Press: ? - help, Shift-Dir - straight line, f - black mamba
Aim: a black mamba (moderately wounded, 63% to hit)
The stone arrow hits the black mamba!
The black mamba is severely wounded.
You feel very sick. The black mamba closely misses you.
The salamander hits you from afar with a +0 glaive!!
* * * LOW HITPOINT WARNING * * *
You are engulfed in flames.
You resist.
* * * LOW HITPOINT WARNING * * *
The black mamba bites you.
* * * LOW HITPOINT WARNING * * *
The salamander completely misses you.
You take 36 damage, and have 10/128 hp.
MASSIVE DAMAGE!!
You now have 4/29 mp.
You feel much better.
You feel sick. The black mamba misses you. The salamander misses you.
The black mamba bites you!
* * * LOW HITPOINT WARNING * * *
You regained 21 hp, and now have 31/128 hp.
You hit the black mamba.
The black mamba is severely wounded.
You feel sick. The black mamba misses you.
The salamander hits you from afar with a +0 glaive.
* * * LOW HITPOINT WARNING * * *
You are engulfed in flames!
You resist.
* * * LOW HITPOINT WARNING * * *
The black mamba misses you. The salamander closely misses you.
You take 10 damage, and have 21/128 hp.
You barely miss the black mamba.
The black mamba is severely wounded.
You feel sick. The black mamba barely misses you.
The salamander hits you from afar with a +0 glaive!
* * * LOW HITPOINT WARNING * * *
You are engulfed in flames!
You resist.
* * * LOW HITPOINT WARNING * * *
The black mamba bites you.
You die...

#................##....#.#.......
.........###.....##.......#......
........## #.##.#..#......###.###
.....#### #.#..#..#.....##..)..#
.#.[.#######..### .##...##.......
).#..#.#........##.##..##........
#...)†....##..###.....##.....∩...
##..#..#..##).†##S.# #..........
.#).#...#.##.#).@# .###..........
#..#.#..#.###.N..#........∩..8..∩
.#†###..####.(..##..###..........
.##)###....#....#..####..........
#.##.######.......##..##.....∩...
#†###.#.###..)...##...###........
.##>##....#.....##...# ###.......
##...##........###..# #..##.....#
##.⌠.######...###..#*#...####.###


You could see a black mamba and a neutral salamander (fast, strong, insane).

Vanquished Creatures
  A stone giant (Volcano)
  A salamander tyrant (Snake:1)
  2 hydras (Lair:5)
  2 boulder beetles
  2 anacondas (Snake:1)
  3 two-headed ogres
  An alligator (Swamp:1)
  3 death yaks (Lair:3)
  3 shock serpents (Snake:1)
  A naga ritualist (Snake:1)
  A lindwurm (Lair:5)
  A mana viper (Snake:1)
  An ugly thing (D:12)
  10 elephants
  5 naga magi (Snake:1)
  A smoke demon (Lair:5)
  A molten gargoyle (Volcano)
  2 gargoyles
  12 black mambas
  7 cane toads
  An unseen horror (D:11)
  3 rime drakes
  4 komodo dragons
  An ancient zyme (Lair:5)
  2 trolls
  A tyrant leech (Lair:2)
  A polar bear (Lair:2)
  2 dream sheep (Lair:5)
  16 blink frogs
  A large abomination (Lair:5)
  24 yaks
  2 ynoxinuls (Lair:5)
  5 fire bats (Volcano)
  3 wyverns
  3 wraiths
  5 basilisks
  Edmund (D:4)
  2 vampire mosquitoes (D:10)
  9 nagas
  A swamp worm (Lair:2)
  7 water moccasins
  8 orc warriors
  An ice beast (D:4)
  12 wolves
  A black bear (Lair:3)
  5 centaurs
  An ogre (D:5)
  A phantom (D:5)
  2 bullfrogs
  2 scorpions
  2 earth elementals (Volcano)
  5 wights
  6 killer bees
  An electric eel (Lair:2)
  5 howler monkeys
  6 lava snakes (Volcano)
  3 hounds
  2 jellies
  12 orc priests
  3 gnoll boudas
  14 orc wizards
  2 iguanas
  13 gnolls
  4 adders
  A shadow imp (D:7)
  A white imp (D:7)
  2 dart slugs
  49 orcs
  A bat (D:3)
  3 endoplasms
  4 giant cockroaches
  6 goblins
  4 hobgoblins
  3 jackals (D:4)
  3 quokkas
  4 ball pythons
  2 kobolds
  3 rats
351 creatures vanquished.

Vanquished Creatures (collateral kills)
  An anaconda (Snake:1)
  A naga warrior (Snake:1)
  Urug (Lair:5)
  2 mana vipers (Snake:1)
  An elephant (Lair:5)
  A naga mage (Snake:1)
  2 black mambas (Snake:1)
  A gargoyle (Volcano)
  An efreet (Volcano)
  7 blink frogs (Lair:5)
  3 dream sheep (Lair:5)
  10 yaks
  A water moccasin (Lair:5)
  A naga (Snake:1)
  4 wolves (Lair:5)
  2 small abominations (Lair:5)
39 creatures vanquished.

Vanquished Creatures (others)
  A spriggan (Swamp:1)
  A molten gargoyle (Volcano)
  A cane toad (Lair:5)
  A polar bear (Lair:5)
  A hornet (Swamp:1)
  A bloated husk (Swamp:1)
  2 blink frogs (Lair:5)
  A yak (Lair:5)
  A fire bat (Volcano)
  A chaos spawn (Lair:5)
  A wolf (Lair:5)
  12 fungi
  20 plants
44 creatures vanquished.

Grand Total: 434 creatures vanquished

Notes
Turn   | Place    | Note
-------+----------+-------------------------------------------
     0 | D:1      | Ofeo the Meteoran Earth Elementalist began the quest for
                  | the Orb.
     0 | D:1      | Reached XP level 1. HP: 14/14 MP: 5/5
    56 | D:1      | Reached XP level 2. HP: 20/20 MP: 3/6
    70 | D:1      | Found Titrokh's Magic Scroll Shop.
    76 | D:1      | Learned a level 2 spell: Passwall
   157 | D:2      | Found a hazy altar of Hepliaklqana.
   186 | D:2      | Found a faded altar of an unknown god.
   250 | D:1      | Reached XP level 3. HP: 26/26 MP: 6/8
   264 | D:2      | Identified the +1 ring mail of the Pure Priests {Regen+
                  | Str+3}
   279 | D:2      | You fall into a shaft and drop 1 floor!
   394 | D:3      | Reached XP level 4. HP: 33/33 MP: 0/9
   620 | D:4      | Reached XP level 5. HP: 37/38 MP: 3/11
   676 | D:4      | Found a blossoming altar of Fedhas.
   697 | D:4      | Reached XP level 6. HP: 30/45 MP: 7/12
   705 | D:4      | Noticed Edmund
   709 | D:4      | Gained mutation: You have an increased reservoir of magic.
                  | (+10% MP) [potion of mutation]
   709 | D:4      | Gained mutation: You are agile. (Dex +4, Str/Int -1)
                  | [potion of mutation]
   709 | D:4      | Gained mutation: You passively map the area around you.
                  | [potion of mutation]
   709 | D:4      | Gained mutation: Your flesh is heat resistant. (rF+)
                  | [potion of mutation]
   723 | D:4      | Learned a level 3 spell: Stone Arrow
   836 | D:5      | Entered Level 5 of the Dungeon
   857 | D:4      | Noticed an ice beast
   866 | D:4      | Killed an ice beast
   867 | D:4      | Reached skill level 5 in Earth Magic
   867 | D:4      | Reached XP level 7. HP: 17/50 MP: 3/15
   990 | D:5      | Reached XP level 8. HP: 57/57 MP: 15/17
  1040 | D:5      | Found a glowing golden altar of the Shining One.
  1076 | D:5      | Reached skill level 5 in Spellcasting
  1100 | D:5      | Reached skill level 5 in Dodging
  1217 | D:4      | Killed Edmund
  1347 | D:6      | Reached skill level 5 in Transmutations
  1538 | D:7      | Found a burning altar of Makhleb.
  1538 | D:7      | Noticed a yak
  1538 | D:7      | Noticed a yak
  1538 | D:7      | Noticed a yak
  1538 | D:7      | Noticed a yak
  1538 | D:7      | Noticed a yak
  1538 | D:7      | Noticed a yak
  1557 | D:7      | Killed a yak
  1558 | D:7      | Mutation became permanent: You passively map a small area
                  | around you. [Meteoran growth]
  1558 | D:7      | Gained mutation: You passively map the area around you.
                  | [Meteoran growth]
  1558 | D:7      | Reached XP level 9. HP: 38/62 MP: 16/20
  1653 | D:7      | Learned a level 4 spell: Petrify
  1719 | D:8      | Reached XP level 10. HP: 69/69 MP: 21/23
  1805 | D:7      | Reached skill level 1 in Conjurations
  1827 | D:7      | Reached skill level 1 in Fighting
  1863 | D:7      | Found a staircase to the Ecumenical Temple.
  1884 | Temple   | Entered the Ecumenical Temple
  1884 | Temple   | Found a transporter.
  1884 | Temple   | Found a transporter.
  1886 | Temple   | Found a transporter.
  1886 | Temple   | Found a transporter.
  1902 | Temple   | Became a worshipper of Vehumet
  1984 | D:7      | Found an ancient bone altar of Kikubaaqudgha.
  2053 | D:6      | Noticed a rust devil
  2053 | D:6      | Noticed a rust devil
  2215 | D:8      | Found an ornate altar of the Wu Jian Council.
  2223 | D:8      | Noticed a two-headed ogre
  2237 | D:8      | Killed a two-headed ogre
  2238 | D:8      | Reached skill level 5 in Conjurations
  2439 | D:9      | Found a stormy altar of Qazlal.
  2486 | D:10     | Entered Level 10 of the Dungeon
  2487 | D:10     | Noticed a two-headed ogre
  2488 | D:10     | Reached * piety under Vehumet
  2488 | D:10     | Offered knowledge of Shock by Vehumet.
  2532 | D:10     | Learned a level 1 spell: Apportation
  2587 | D:9      | Reached XP level 11. HP: 80/83 MP: 25/25
  2627 | D:10     | Reached skill level 1 in Translocations
  2789 | D:10     | Killed a two-headed ogre
  2840 | D:12     | Noticed a green ugly thing
  2845 | D:12     | Killed a green ugly thing
  2846 | D:12     | Reached skill level 5 in Fighting
  2854 | D:11     | Learned a level 5 spell: Lightning Bolt
  2897 | D:11     | Noticed a boulder beetle
  2911 | D:11     | Noticed a deep troll
  2931 | D:11     | Killed a boulder beetle
  2932 | D:11     | Reached skill level 1 in Air Magic
  3150 | D:12     | Noticed a two-headed ogre
  3159 | D:12     | Killed a two-headed ogre
  3160 | D:12     | Reached skill level 2 in Air Magic
  3160 | D:12     | Reached XP level 12. HP: 50/95 MP: 21/26
  3273 | D:11     | Found a staircase to the Lair.
  3279 | Lair:1   | Entered Level 1 of the Lair of Beasts
  3296 | Lair:1   | Reached skill level 10 in Dodging
  3296 | Lair:1   | Reached skill level 3 in Air Magic
  3334 | Lair:1   | Offered knowledge of Magic Dart by Vehumet.
  3335 | Lair:1   | Reached skill level 4 in Air Magic
  3349 | Lair:1   | Noticed a swamp dragon
  3350 | Lair:1   | Found a transporter.
  3351 | Lair:1   | Noticed a swamp dragon
  3371 | Lair:1   | Reached skill level 5 in Air Magic
  3408 | Lair:1   | Reached skill level 10 in Conjurations
  3475 | Lair:1   | Found a transporter.
  3483 | Lair:1   | Reached ** piety under Vehumet
  3516 | Lair:1   | Reached skill level 6 in Air Magic
  3640 | Lair:1   | Found a shimmering blue altar of Sif Muna.
  3729 | Lair:2   | Found a staircase to the Swamp.
  3837 | Lair:2   | Found a white marble altar of Elyvilon.
  3849 | Lair:2   | Reached skill level 7 in Air Magic
  3910 | Lair:2   | Reached XP level 13. HP: 105/105 MP: 27/27
  4046 | Lair:2   | Found a staircase to the Snake Pit.
  4056 | Lair:2   | Identified the +11 trident of the Thing {drain, rElec rC+
                  | rN+}
  4072 | Lair:3   | Noticed a death yak
  4072 | Lair:3   | Noticed a death yak
  4072 | Lair:3   | Noticed a death yak
  4078 | Lair:3   | Killed a death yak
  4078 | Lair:3   | Offered knowledge of Ignite Poison by Vehumet.
  4079 | Lair:3   | Reached skill level 8 in Air Magic
  4106 | Lair:3   | Noticed a boulder beetle
  4127 | Lair:3   | Killed a death yak
  4128 | Lair:3   | Killed a death yak
  4169 | Lair:3   | Killed a boulder beetle
  4170 | Lair:3   | Reached skill level 9 in Air Magic
  4284 | Lair:5   | Entered Level 5 of the Lair of Beasts
  4285 | Lair:5   | Noticed a five-headed hydra
  4287 | Lair:5   | Noticed Urug
  4314 | Lair:5   | Killed Urug
  4316 | Lair:5   | Killed a five-headed hydra
  4329 | Lair:5   | Reached *** piety under Vehumet
  4339 | Lair:5   | Reached skill level 10 in Air Magic
  4348 | Lair:5   | Noticed a six-headed hydra
  4377 | Lair:5   | Killed a six-headed hydra
  4400 | Lair:5   | Offered knowledge of Conjure Flame by Vehumet.
  4503 | Lair:5   | Reached XP level 14. HP: 97/118 MP: 9/28
  4525 | Lair:5   | Reached skill level 11 in Air Magic
  4561 | Lair:5   | Reached **** piety under Vehumet
  4665 | Lair:5   | Found a dark tunnel.
  4677 | Volcano  | Entered a volcano
  4699 | Volcano  | Offered knowledge of Yara's Violent Unravelling by Vehumet.
  4751 | Volcano  | Reached skill level 12 in Air Magic
  4756 | Volcano  | Found a radiant altar of Vehumet.
  4795 | Volcano  | Noticed a stone giant
  4798 | Volcano  | Killed a stone giant
  5101 | Lair:5   | Reached skill level 10 in Fighting
  5168 | Lair:4   | Reached ***** piety under Vehumet
  5205 | Swamp:1  | Entered Level 1 of the Swamp
  5219 | Swamp:1  | Noticed an eleionoma
  5249 | Swamp:1  | Noticed an eleionoma
  5284 | Snake:1  | Entered Level 1 of the Snake Pit
  5317 | Snake:1  | Offered knowledge of Airstrike by Vehumet.
  5318 | Snake:1  | Reached skill level 13 in Air Magic
  5329 | Snake:1  | Found Qautuwe's Magic Scroll Shop.
  5330 | Snake:1  | Found Doiget's Magic Scroll Boutique.
  5330 | Snake:1  | Found Ykatyb's Distillery.
  5341 | Snake:1  | Found Vuoru's Antique Weapon Boutique.
  5343 | Snake:1  | Bought a scroll of fog for 48 gold pieces
  5349 | Snake:1  | Bought a potion of heal wounds for 60 gold pieces
  5349 | Snake:1  | Bought a potion of heal wounds for 60 gold pieces
  5349 | Snake:1  | Bought 2 potions of magic for 192 gold pieces
  5382 | Snake:1  | Reached XP level 15. HP: 102/127 MP: 16/29
  5576 | Snake:1  | Reached skill level 14 in Air Magic
  5601 | Snake:1  | HP: 4/128 [naga warrior/+0 battleaxe (14)]
  5612 | Snake:1  | HP: 3/128 [salamander/+0 glaive (7)]
  5612 | Snake:1  | Slain by a black mamba

Illustrated notes

Levels and vault maps discovered:
D:1:      tarquinn_simple_flora_water_f, layout_loops_corners, serial_shops,
          nicolae_shop_statue_plus
D:2:      layout_basic, basic_altar, chequers_ecumenical_altar_island,
          serial_bayou_pond_c, kennysheep_generic_room_6
D:3:      layout_rooms, mainiacjoe_overflow_six_doors_small,
          nicolae_ru_sacrificial_ziggurat, uniq_terence
D:4:      layout_basic, lemuel_coloured_pillars_altar, uniq_edmund
D:5:      layout_loops_cross, mainiacjoe_overflow_paths
D:6:      cheibrodos_iron_armory, layout_gridville, uniq_prince_ribbit1
D:7:      layout_basic, mainiacjoe_overflow_surrounded_room,
          kiku_gazebo_garden_becter, minmay_temple_entry_mist,
          minmay_crystal_room
D:8:      layout_gridville, lemuel_doored_altar, minmay_starry_boxes
D:9:      layout_basic, mainiacjoe_overflow_catch_the_wave
D:10:     layout_cave_pools, minmay_orc_entry_temple_small, serial_column_ruins,
          column_ruins_circle_large, column_ruins_square_medium,
          column_ruins_open_small, column_ruins_open_small,
          column_ruins_open_large
D:11:     dreamdust_cave_troll, layout_basic, lair_entry_dummy
D:12:     layout_gridville, hellmonk_ghost_happy_afterlife
Temple:   hellmonk_temple_divided_pantheon
Lair:1:   gammafunk_cloud_chamber, layout_loops_ring, basic_altar
Lair:2:   layout_regular_city, minmay_swamp_entry_worms,
          guppyfry_snake_entry_island, chequers_serial_rivers_small_a,
          chequers_serial_rivers_large_b, serial_bayou_pond_a, st_stairs_11,
          fungi_pond_lemuel, lemuel_centaur_altar
Lair:3:   layout_loops_ring, serial_bayou_shore_b, serial_bayou_shore_b
Lair:4:   layout_misc_corridors, slime_entry_1, serial_bayou_shore_a
Lair:5:   hellmonk_lair_end_abyssal_woods, layout_regular_city,
          nicolae_volcano_entry_vermiform, st_stairs_12,
          infiniplex_staircase_pool_2, uniq_urug
Swamp:1:  layout_falls_marsh, nicolae_swamp_trees_clearing
Snake:1:  layout_onion_interference, grunt_ministairs_4, evilmike_ambush
          [evilmike_ambush_outer_basic, evilmike_ambush_inner_basic],
          serial_bayou_shore_b, minmay_shoptagon

Skill      XL: |  1  2  3  4  5  6  7  8  9 10 11 12 13 14 15 |
---------------+----------------------------------------------+-----
Spellcasting   | 3 4 6 7 |  7.2
Transmutations | 2 3 4 5 6 |  6.6
Earth Magic    | 4 5 6 7 8 9 |  9.5
Dodging        | 3 4 5 7 8 9 11 12 13 | 13.8
Stealth        | 2 3 4 |  4.7
Conjurations   | 6 9 10 11 13 | 13.5
Fighting       | 3 5 7 9 10 | 10.8
Translocations | 3 |  3.0
Air Magic      | 2 7 10 13 14 | 14.1

Action                   |  1- 3 |  4- 6 |  7- 9 | 10-12 | 13-15 || total
-------------------------+-------+-------+-------+-------+-------++-------
Melee: Unarmed           |       |    33 |       |       |       ||    33
       Dire flail        |       |       |    26 |   200 |    14 ||   240
       Flail             |       |       |     1 |       |       ||     1
       Trident           |       |       |       |       |   227 ||   227
 Cast: Sandblast         |    40 |    53 |    59 |    57 |     3 ||   212
       Passwall          |     2 |     2 |    10 |    57 |    24 ||    95
       Stone Arrow       |       |     4 |    25 |   130 |    89 ||   248
       Petrify           |       |       |       |     5 |     4 ||     9
       Apportation       |       |       |       |    20 |     4 ||    24
       Lightning Bolt    |       |       |       |     1 |    80 ||    81
Evoke: Wand              |       |       |     5 |    15 |     6 ||    26
  Use: Scroll            |     1 |     3 |     8 |    13 |     9 ||    34
       Potion            |       |     3 |     2 |     2 |    11 ||    18
 Stab: Petrified         |       |       |       |    12 |     8 ||    20
       Petrifying        |       |       |       |     2 |       ||     2
       Distracted        |       |       |       |       |     1 ||     1
Armor: Ring mail         |     3 |    40 |       |    83 |   115 ||   241
       Robe              |       |     1 |     1 |       |       ||     2
       Leather armour    |       |       |    11 |       |       ||    11
Dodge: Dodged            |    13 |    42 |    53 |   313 |   575 ||   996
